 Dungeon Sprint DCSS version 0.13-a0-2648-g56e3d78 (console) character file.

661 5ubbak the Fighter (level 6, -2/58 HPs)
             Began as a Lava Orc Berserker on Aug 9, 2013.
             Was a Believer of Trog.
             Slain by Sonja
             ... wielding a +0,+0 short sword of draining
              (3 damage)
             ... in the Dungeon (Sprint I: "Red Sonja").
             The game lasted 00:04:54 (944 turns).

5ubbak the Fighter (Lava Orc Berserker)              Turns: 944, Time: 00:04:55

HP  -2/58        AC  5     Str 22      XL: 6   Next: 26%
MP   6/6         EV 11     Int  7      God: Trog [**....]
Gold 330         SH  0     Dex 10      Spells:  0 memorised,  5 levels left

Res.Fire  : + . .   See Invis. : .   a - +0,-2 orc hand axe {=f}
Res.Cold  : . . .   Warding    : .   b - +0 animal skin
Life Prot.: . . .   Conserve   : .   (no shield)
Res.Poison: .       Res.Corr.  : .   (no helmet)
Res.Elec. : .       Clarity    : .   (no cloak)
Sust.Abil.: . .     Spirit.Shd : .   (no gloves)
Res.Mut.  : .       Prev.Telep.: +   (no boots)
Res.Rott. : .       Flight     : .   (no amulet)
Saprovore : + . .                    (no ring)
                                     (no ring)

@: short of breath, regenerating, exhausted, slowed, very heavily drained, very
slow, quite resistant to hostile enchantments, unstealthy
A: conserve scrolls, saprovore 1
a: Burn Spellbooks, Berserk, Trog's Hand, Renounce Religion


You were in the Dungeon.
You worshipped Trog.
Trog was most pleased with you.
You were near starving.

You visited 1 branch You collected 310 gold pieces.

Inventory:

Hand weapons
 a - a +0,-2 orcish hand axe (weapon) {=f}
Armour
 b - a +0 animal skin (worn)
Magical devices
 j - a wand of enslavement (11)
Comestibles
 c - a meat ration
Scrolls
 i - a scroll of blinking
 k - a scroll of curse jewellery {unknown}
Potions
 d - a potion of curing
 f - a potion of speed
 g - 2 potions of magic
 h - a potion of berserk rage


   Skills:
 + Level 10.4(5.9) Fighting
 + Level 10.1(5.6) Axes
 + Level 4.3(0.4) Armour
 + Level 4.6(0.7) Dodging
 + Level 1.1(0.0) Stealth
 + Level 1.3(0.0) Evocations


You had 5 spell levels left.
You didn't know any spells.

Dungeon Overview and Level Annotations

Branches:
Dungeon (1/1)

Altars:
Ashenzari
Fedhas
Trog
Vehumet
Xom

Shops:
D: %

Annotations
D Sonja


Innate Abilities, Weirdness & Mutations

You have stony skin.
You cover ground slowly.
Your flesh is heat resistant.
Your flesh is vulnerable to cold.
Your heat harms attackers.
You bathe your surroundings in blazing heat.
You are too hot to use scrolls.
You are very good at protecting items from fire.
You can tolerate rotten meat.


Message History

* * * LOW HITPOINT WARNING * * *
Sonja hits you with an uncursed short sword of draining.
* * * LOW HITPOINT WARNING * * *
You feel drained.
Sonja hits you with an uncursed short sword of draining.
* * * LOW HITPOINT WARNING * * *
You feel drained.
You closely miss Sonja.
Sonja is lightly wounded.
Sonja hits you with an uncursed short sword of draining.
* * * LOW HITPOINT WARNING * * *
You feel drained.
* * * LOW HITPOINT WARNING * * *
Sonja completely misses you.
Sonja hits you with an uncursed short sword of draining.
* * * LOW HITPOINT WARNING * * *
You feel drained. Sonja closely misses you. Sonja hits you but does no damage.
You feel drained.
Sonja hits you with an uncursed short sword of draining.
You die...

################
#<<#..%..#..'..#
#<.').#..').#..+
#..#####'#####'#
#..####..#...#.#
#..#_.####..##.#
#..#.....##'#..+
#⌠⌠#_.∩.(@(.%._#
####....K##_.#+#
#_._._###(#
#########.##
+$.$+ #$.$#
##.## #+#


You could see Sonja.

Vanquished Creatures
  An elephant slug (D)
  An ogre (D)
  Sigmund (D)
  Ijyb (D)
  A jelly (D)
5 creatures vanquished.

Vanquished Creatures (others)
  A metal gargoyle (D)
1 creature vanquished.

Grand Total: 6 creatures vanquished

Notes
Turn   | Place    | Note
--------------------------------------------------------------
     0 | D        | 5ubbak, the Lava Orc Berserker, began the quest for the Orb.
     0 | D        | Reached XP level 1. HP: 19/19 MP: 0/0
     1 | D        | Noticed Ijyb
    16 | D        | Killed Ijyb
    16 | D        | Reached skill level 5 in Fighting
    16 | D        | Reached skill level 5 in Axes
    16 | D        | Reached XP level 2. HP: 8/27 MP: 1/1
   222 | D        | Noticed an ogre
   227 | D        | Killed an ogre
   227 | D        | Reached skill level 7 in Fighting
   227 | D        | Reached XP level 3. HP: 3/34 MP: 2/2
   227 | D        | Reached XP level 4. HP: 3/41 MP: 3/3
   525 | D        | Noticed Sigmund
   534 | D        | Killed Sigmund
   534 | D        | Acquired Trog's second power
   534 | D        | Reached skill level 9 in Fighting
   534 | D        | Reached XP level 5. HP: 49/49 MP: 4/4
   562 | D        | Killed a metal gargoyle
   613 | D        | Found a bloodstained altar of Trog.
   615 | D        | Found a shimmering altar of Xom.
   692 | D        | Found a bloodstained altar of Trog.
   692 | D        | Found a shattered altar of Ashenzari.
   692 | D        | Found Aratol's Food Emporium.
   692 | D        | Found a radiant altar of Vehumet.
   692 | D        | Found a blossoming altar of Fedhas.
   692 | D        | Noticed an elephant slug
   708 | D        | Killed an elephant slug
   708 | D        | Reached skill level 10 in Fighting
   708 | D        | Reached skill level 10 in Axes
   708 | D        | Reached skill level 1 in Stealth
   708 | D        | Reached skill level 1 in Evocations
   708 | D        | Reached XP level 6. HP: 17/58 MP: 4/6
   716 | D        | Found a shimmering altar of Xom.
   920 | D        | Noticed Sonja
   944 | D        | HP: 1/58 [Sonja/uncursed short sword of draining (4)]
   944 | D        | Slain by Sonja

Action                   |  1- 3 |  4- 6 || total
-------------------------+-------+-------++-------
Melee: Hand axe          |    18 |    23 ||    41
Invok: Berserk           |     1 |     4 ||     5
       Trog's Hand       |       |     1 ||     1
Evoke: Wand              |       |     4 ||     4
  Use: Potion            |       |     2 ||     2
